AoeStats
← el droga niños

Lombardia

510212277Analyzed
3v3 RM · 1d ago on Sep 30, 2026· 29m 6s· 6 players
Game mode
Random Map
Map size
Normal (6 player)
Population
200
Speed
Normal
Resources
Standard
Victory
Conquest
Starting age
Dark Age
Ending age
Imperial Age
RankedLock teamsTeams togetherTeam positionsShared explorationLock speedFull tech treeHidden civsTurbo modeCheats
Victory
Defeat
🇨🇴 Mapuche · Colombia
1382
+14
🇨🇱 Lithuanians · Chile
1303
+18
🇨🇱 Hindustanis · Chile
1242
+19
🇦🇷 Persians · Argentina
1366
-18
🇦🇷 Cumans · Argentina
1331
-17
🇦🇷 Magyars · Argentina
1314
-16
thevipleb
8:18 Loom
10:22 Feudal Age
14:32 Castle Age
12:38 Horse Collar
12:51 Double-Bit Axe
21:42 Scale Barding Armor
23:24 Chain Barding Armor
23:45 Fervor
24:08 Forging
26:20 Iron Casting
29:28 Husbandry
Hundeknacker
4:15 Loom
7:39 Loom
11:44 Feudal Age
12:33 Double-Bit Axe
15:44 Castle Age
19:07 Scale Barding Armor
28:46 Bloodlines
Giacomo
8:30 Loom
11:01 Feudal Age
16:04 Castle Age
19:04 Double-Bit Axe
22:26 Scale Mail Armor
24:30 Horse Collar
26:03 Bow Saw
29:19 Wheelbarrow
Tocinito del Diablo
7:29 Loom
10:35 Feudal Age
11:25 Double-Bit Axe
23:53 Castle Age
26:13 Squires
25:55 Pikeman
28:25 Bloodlines
Helado de Diarrea
6:55 Loom
9:30 Feudal Age
10:34 Double-Bit Axe
12:01 Horse Collar
19:40 Wheelbarrow
24:10 Castle Age
22:25 Scale Mail Armor
25:15 Husbandry
25:26 Bloodlines
24:37 Light Cavalry
25:44 Heavy Plow
el droga niños
8:05 Loom
10:22 Feudal Age
14:34 Castle Age
15:27 Husbandry
Connection lost

Rejoining the realm…

Still unreachable

The connection could not be restored.

Session expired

The server has moved on; the page needs a fresh start.